 Dungeon Crawl Stone Soup version 0.31-a0-355-g57cb03d3e8 (webtiles) character file.

Game seed: 202700340847546016

742 cforsyth the Charlatan (level 7, -9/53 HPs)
             Began as a Gnoll Artificer on July 25, 2023.
             Succumbed to an orc warrior's poison
             ... on level 5 of the Dungeon.
             The game lasted 00:08:49 (5604 turns).

cforsyth the Charlatan (Gnoll Artificer)            Turns: 5604, Time: 00:08:51

Health: -9/53      AC:  9    Str: 10 (11) XL:     7   Next: 76%
Magic:  11/11      EV:  6    Int: 15 (16) God:
Gold:   400        SH:  0    Dex: 11 (13) Spells: 11/11 levels left

rFire   + . .        r - +6 falchion "Oklodd" {protect, rF+ rN+ Int-2 Stlth+}
rCold   . . .        (no shield)
rNeg    + . .        h - +0 chain mail
rPois   .            (no helmet)
rElec   .            (no cloak)
rCorr   .            (no gloves)
SInv    +            (no boots)
Will    .....        (no amulet)
Stlth   +            n - ring of see invisible
HPRegen 0.28/turn    q - +6 ring of intelligence
MPRegen 0.12/turn

%: no passive effects
@: lethally poisoned (-9 -> -60)
A: fangs 1, strong nose, distributed training
a: no special abilities


You were on level 5 of the Dungeon.
You visited 1 branch of the dungeon, and saw 5 of its levels.
You also visited: Ossuary.

You collected 400 gold pieces.

Inventory:

Hand Weapons
 a - a +0 club
 k - the +3 quarterstaff of Untruth {elec, Dex+7}
   (You found it on level 2 of the Dungeon)

   Dex:       It affects your dexterity (+7).
 r - the +6 falchion "Oklodd" (weapon) {protect, rF+ rN+ Int-2 Stlth+}
   (You found it on level 3 of the Dungeon)

   Int:       It affects your intelligence (-2).
   rF:        It protects you from fire.
   rN:        It protects you from negative energy.
   Stlth:     It makes you more stealthy.
Armour
 b - a +0 leather armour
 h - a +0 chain mail (worn)
Jewellery
 i - an amulet of faith
 n - a ring of see invisible (left hand)
 q - a +6 ring of intelligence (right hand)
Wands
 c - a wand of flame (12) (quivered)
 d - a wand of charming (14)
 e - a wand of iceblast (3)
Scrolls
 g - 5 scrolls of revelation
 p - 4 scrolls of teleportation
 s - a scroll of fear
 u - a scroll of vulnerability {unknown}
 w - 4 scrolls of identify
 y - 3 scrolls of enchant weapon {unknown}
 B - a scroll of immolation {unknown}
Potions
 f - 2 potions of might {unknown}
 j - a potion of heal wounds {unknown}
 l - 3 potions of resistance
 m - 2 potions of lignification {unknown}
 o - a potion of mutation {unknown}
 t - 2 potions of degeneration
 v - a potion of invisibility {unknown}
 x - 2 potions of cancellation {unknown}
 z - 2 potions of ambrosia {unknown}
 A - a potion of curing {unknown}


   Skills:
 + Level 3.8 Fighting
 + Level 2.7 Short Blades
 + Level 2.7 Long Blades
 + Level 2.7 Axes
 + Level 2.7 Maces & Flails
 + Level 2.7 Polearms
 + Level 2.7 Staves
 + Level 2.7 Ranged Weapons
 + Level 2.7 Throwing
 + Level 5.4 Armour
 + Level 3.8 Dodging
 + Level 3.6 Stealth
 + Level 2.7 Shields
 + Level 2.7 Unarmed Combat
 + Level 2.7 Spellcasting
 + Level 2.2 Conjurations
 + Level 2.2 Hexes
 + Level 2.2 Summonings
 + Level 2.2 Necromancy
 + Level 2.2 Translocations
 + Level 2.2 Transmutations
 + Level 2.2 Fire Magic
 + Level 2.2 Ice Magic
 + Level 2.2 Air Magic
 + Level 2.2 Earth Magic
 + Level 2.2 Poison Magic
 + Level 3.0 Invocations
 + Level 7.1 Evocations
 + Level 2.2 Shapeshifting


You had 11 spell levels left.
You didn't know any spells.
Your spell library contained the following spells:

 Spells                   Type           Power      Damage    Failure   Level
 Magic Dart               Conj           32%        1d4       94%         1
 Searing Ray              Conj           16%        2d5       98%         2
 Sublimation of Blood     Necr           8%         N/A       98%         2
 Wereblood                Tmut           8%         N/A       98%         2
 Stone Arrow              Conj/Erth      16%        3d8       100%        3
 Animate Armour           Summ/Erth      16%        N/A       100%        4
 Fulminant Prism          Conj/Hex       4%         3d5       100%        4
 Summon Hydra             Summ           4%         N/A       100%        7
 Lehudib's Crystal Spear  Conj/Erth      4%         10d3      100%        8


Dungeon Overview and Level Annotations

Branches:
Dungeon (5/15)             Temple (0/1) D:5         Ossuary (visited)

Altars:

Shops:
D:4 *(*?!

Annotations:
D:5 Pikel


Innate Abilities, Weirdness & Mutations

You have very sharp teeth.
Your uncanny sense of smell can sniff out nearby items.
Your experience applies equally to all skills.


Message History

You closely miss the orc warrior.
You feel very sick.
The orc warrior hits you but does no damage.
A lemure comes into view.
The lemure shouts!
You hit the orc warrior but do no damage.
Your weapon exudes an aura of protection.
You feel sick.
Pikel, Merchant of Souls comes into view.
He is wielding a +0 whip of freezing.
A lemure comes into view.
The orc warrior hits you but does no damage.
You are more poisoned.
A lemure comes into view.
You closely miss the orc warrior.
You feel very sick.
Pikel shouts!
The lemure shouts! x2
A lemure comes into view.
The orc throws a stone.
The stone hits you but does no damage.
The orc warrior hits you with a +1 flail of venom.
You are more poisoned.
You barely miss the orc warrior.
You bite the orc warrior, but do no damage.
You feel extremely sick.
The orc warrior hits you with a +1 flail of venom.
You are lethally poisoned!
The orc hits you but does no damage.
The orc warrior hits you with a +1 flail of venom!
You are more poisoned.
You are too injured to fight recklessly!
You are too injured to fight recklessly!
The orc warrior attacks as you move away!
The orc warrior hits you but does no damage.
You are more poisoned.
* * * LOW HITPOINT WARNING * * *
You feel extremely sick. The orc hits you but does no damage.
It was a potion of degeneration.
There was something very wrong with that liquid.
You feel weakened.
You feel dopey.
You feel clumsy.
You die...

,#...........,,,,,,,,,,,,*******,
##.#.......#**,###***,,<,,,,,,,*,
...#.......#*,*#.#* *,,,,*,*,,,*,
...#.......#,*##..* *,,*,*,,,,,,,
.....####..#.*,..###*,,,,,,,,,,,,
#....#,,...##.##.8.##,,,,,,,,,,,,
##...#,,,..#,*......#,,,.,,,,,,,,
.....#,,,..#####8o..#5...,,,,,,,,
...#######.##...@o..5K...,,,,,,,,
........##.##..###5.#5...,*,,,,,,
........##.#..#.#*#.#,,*.,,,,,,,,
.........#)..####.###,,*,,,,,,,,,
.........#)###.....##.,*,,,,,,,,,
......................,,,,,,,,,,,
...##....#..........#.**,,,,,,,,,
...##........#.#......,,,,,,,***,
#####........#.#......,,,,,,,* *,


You could see Pikel, an orc warrior, 4 lemures and an orc.

Vanquished Creatures
  A gnoll sergeant (D:3)
  A scorpion (D:4)
  A hound (D:4)
  A gnoll bouda (D:4)
  4 orc priests
  2 orc wizards
  An iguana (D:4)
  9 mummies
  11 gnolls
  6 adders
  A shadow imp (D:5)
  A white imp (D:5)
  2 worms (D:2)
  6 orcs
  7 ball pythons
  2 bats (D:1)
  6 endoplasms
  A giant cockroach (D:1)
  10 goblins
  11 hobgoblins
  8 jackals
  3 quokkas
  A frilled lizard (D:2)
  3 gnoll zombies (Ossuary)
  3 hobgoblin zombies (Ossuary)
  7 kobolds
  2 kobold zombies (Ossuary)
  4 rats
115 creatures vanquished.

Vanquished Creatures (collateral kills)
  An orc (D:3)
1 creature vanquished.

Grand Total: 116 creatures vanquished

Notes
Turn   | Place    | Note
-------+----------+-------------------------------------------
     0 | D:1      | cforsyth the Gnoll Artificer began the quest for the Orb.
     0 | D:1      | Reached XP level 1. HP: 17/17 MP: 1/1
    49 | D:1      | You fall into a shaft and drop 1 floor!
   180 | D:1      | Reached XP level 2. HP: 23/23 MP: 2/2
   657 | D:1      | Reached XP level 3. HP: 28/28 MP: 3/3
  1309 | D:2      | Identified the +3 quarterstaff of Untruth {elec, Dex+7}
  1323 | D:2      | Reached skill level 1 in Invocations
  1439 | D:2      | Reached skill level 1 in Short Blades
  1439 | D:2      | Reached skill level 1 in Long Blades
  1439 | D:2      | Reached skill level 1 in Axes
  1439 | D:2      | Reached skill level 1 in Maces & Flails
  1439 | D:2      | Reached skill level 1 in Polearms
  1439 | D:2      | Reached skill level 1 in Staves
  1439 | D:2      | Reached skill level 1 in Ranged Weapons
  1439 | D:2      | Reached skill level 1 in Throwing
  1439 | D:2      | Reached skill level 1 in Shields
  1439 | D:2      | Reached skill level 1 in Unarmed Combat
  1439 | D:2      | Reached skill level 1 in Spellcasting
  1811 | D:2      | Reached XP level 4. HP: 32/34 MP: 5/5
  1840 | D:2      | Reached skill level 1 in Conjurations
  1840 | D:2      | Reached skill level 1 in Hexes
  1840 | D:2      | Reached skill level 1 in Summonings
  1840 | D:2      | Reached skill level 1 in Necromancy
  1840 | D:2      | Reached skill level 1 in Translocations
  1840 | D:2      | Reached skill level 1 in Transmutations
  1840 | D:2      | Reached skill level 1 in Fire Magic
  1840 | D:2      | Reached skill level 1 in Ice Magic
  1840 | D:2      | Reached skill level 1 in Air Magic
  1840 | D:2      | Reached skill level 1 in Earth Magic
  1840 | D:2      | Reached skill level 1 in Poison Magic
  1840 | D:2      | Reached skill level 1 in Shapeshifting
  2306 | D:3      | Identified the +6 falchion "Oklodd" {protect, rF+ rN+ Int-2
                  | Stlth+}
  2685 | D:2      | Reached XP level 5. HP: 19/40 MP: 5/7
  3033 | D:3      | Identified the +1 trident "Ymageq" {venom, Dex+3}
  3645 | D:4      | Reached XP level 6. HP: 47/47 MP: 8/8
  3694 | D:4      | Reached skill level 5 in Armour
  3771 | D:4      | Found Giojydan's Magic Scroll Shop.
  3795 | D:4      | Found Zappiah's Distillery.
  4115 | D:4      | Found Ciam's Weapon Emporium.
  4304 | D:3      | Reached skill level 7 in Evocations
  4304 | D:3      | Reached XP level 7. HP: 6/52 MP: 10/10
  4875 | D:4      | Found Titot's General Store.
  4969 | D:4      | Found Vefob's Assorted Antiques.
  5054 | D:5      | Entered Level 5 of the Dungeon
  5080 | D:5      | Found a sand-covered staircase.
  5093 | Ossuary  | Entered an ossuary
  5600 | D:5      | Noticed Pikel
  5603 | D:5      | HP: 2/53 [poisoned by an orc warrior]
  5604 | D:5      | Succumbed to an orc warrior's poison

Illustrated notes

Levels and vault maps discovered:
D:1:      roderic_crop_circles_arrival_large, layout_loops_corners
D:2:      layout_basic
D:3:      layout_rooms, kennysheep_crisscross, minmay_goblin_kobold_house
D:4:      layout_loops_ring, serial_shops, nicolae_shop_window_shopping, shop,
          nicolae_shop_hallway_stairs, shop, nicolae_square_shop
D:5:      layout_basic, elyvilon_altar_4, minmay_temple_entry_glassed_door,
          gup_ossuary_entry_pyramid, guppyfry_early_orc_mine, uniq_grinder,
          uniq_edmund, uniq_pikel, uniq_ijyb

Skill      XL: |  1  2  3  4  5  6  7 |
---------------+----------------------+-----
Invocations    | 1 2 3 |  3.0
Short Blades   | 1 2 |  2.7
Long Blades    | 1 2 |  2.7
Axes           | 1 2 |  2.7
Maces & Flails | 1 2 |  2.7
Polearms       | 1 2 |  2.7
Staves         | 1 2 |  2.7
Ranged Weapons | 1 2 |  2.7
Throwing       | 1 2 |  2.7
Shields        | 1 2 |  2.7
Unarmed Combat | 1 2 |  2.7
Spellcasting   | 1 2 |  2.7
Conjurations   | 1 2 |  2.2
Hexes          | 1 2 |  2.2
Summonings     | 1 2 |  2.2
Necromancy     | 1 2 |  2.2
Translocations | 1 2 |  2.2
Transmutations | 1 2 |  2.2
Fire Magic     | 1 2 |  2.2
Ice Magic      | 1 2 |  2.2
Air Magic      | 1 2 |  2.2
Earth Magic    | 1 2 |  2.2
Poison Magic   | 1 2 |  2.2
Shapeshifting  | 1 2 |  2.2
Fighting       | 3 |  3.8
Dodging        | 3 |  3.8
Stealth        | 3 |  3.6
Armour         | 5 |  5.4
Evocations     | 7 |  7.1

Action                     |  1- 3 |  4- 6 |  7- 9 || total
---------------------------+-------+-------+-------++-------
  Melee: Club              |   164 |       |       ||   164
         Bite              |    21 |    17 |    16 ||    54
         Quarterstaff      |    25 |    18 |       ||    43
         Falchion          |       |   144 |   126 ||   270
         Punch             |       |     2 |     2 ||     4
  Evoke: Wand              |     1 |     5 |       ||     6
    Use: Scroll            |       |       |     4 ||     4
         Potion            |       |       |     1 ||     1
   Stab: Sleeping          |     1 |       |       ||     1
 Armour: Leather armour    |    45 |       |       ||    45
         Chain mail        |    32 |   143 |    94 ||   269
  Dodge: Dodged            |   143 |    68 |    69 ||   280

Table legend: (Time is in decaauts)
 A = Elapsed time spent in this place.
 B = Non-inter-level travel time spent in this place.
 C = Inter-level travel time spent in this place.
 D = Time resting spent in this place.
 E = Time spent auto-exploring this place.
 F = Levels seen in this place.
 G = Mean time per level.
                   A        B        C        D        E       F      G
               +--------+--------+--------+--------+--------+-----+--------+
         Total |   5719 |   5596 |    123 |   1044 |   3321 |   6 |  953.2 |
       Dungeon |   5300 |   5177 |    123 |   1044 |   3008 |   5 | 1060.0 |
       Ossuary |    418 |    418 |      0 |      0 |    313 |   1 |  418.0 |
               +--------+--------+--------+--------+--------+-----+--------+

Top non-repeatable levels by time:
     D:3: 1496 daAuts
     D:2: 1348 daAuts
     D:1: 1267 daAuts
     D:4: 1041 daAuts
 Ossuary: 418 daAuts
     D:5: 147 daAuts
